Map: 16-Bit LE

Players

Rex - Winner!

  • Race: Zerg Zerg
  • Spawn Location: 7:00

foxer

  • Race: Terran Terran
  • Spawn Location: 1:00

Event: WCS Austin 2018

VOD

Have the link to the VOD?

Description

Time

  • Played on: June 1, 2018, 3:04 p.m.
  • Length: 8:03

All games in this series

Show
View Real Time Build Order
Export as new Build Order

Rex Zerg - Winner!

Build Orders: Hatch First 

Get SALT Encoding   

  12  0:00  Drone  
  13  0:13  Overlord  
  13  0:17  Drone  
  14  0:31  Drone  
  14  0:32  Drone  
  16  0:35  Drone  
  17  0:54  Hatchery  
  16  1:09  Spawning Pool  
  16  1:11  Drone  
  16  1:15  Drone  
  16  1:18  Drone  
  18  1:22  Drone  
  19  1:33  Drone  
  20  1:46  Hatchery  
  19  1:51  Drone  
  20  1:58  Queen  
  22  2:07  Queen  
  24  2:10  Zergling x2  
  24  2:14  Zergling x2  
  26  2:20  Overlord  
  26  2:25  Drone x2  
  28  2:41  Drone x2, Queen  
  32  2:51  Drone  
  32  2:53  Overlord  
  32  2:55  Drone  
  34  3:00  Queen  
  34  3:04  Drone x2  
  38  3:08  Drone  
  38  3:09  Overlord  
  38  3:11  Drone  
  38  3:12  Drone  
  41  3:15  Drone  
  41  3:17  Drone  
  43  3:20  Extractor  
  43  3:21  Extractor  
  43  3:25  Drone  
  43  3:26  Drone x2  
  44  3:28  Drone x2  
  44  3:31  Drone  
  47  3:34  Drone  
  47  3:36  Drone  
  47  3:40  Overlord  
  49  3:44  Overlord  
  49  3:47  Drone  
  50  3:53  Evolution Chamber  
  49  3:57  Drone  
  49  4:01  Roach Warren  
  49  4:02  Evolution Chamber  
  49  4:03  Drone x5  
  49  4:09  Drone  
  54  4:13  Lair  
  54  4:14  Drone  
  55  4:20  Drone x2  
  55  4:22  Overlord  
  57  4:24  Drone x2  
  57  4:25  Drone x2  
  61  4:31  Drone  
  61  4:33  Zerg Missile Weapons Level 1  
  61  4:35  Drone  
  61  4:36  Drone x3  
  61  4:38  Spore Crawler  
  65  4:41  Overlord  
  65  4:45  Drone x2  
  67  4:50  Drone x2  
  67  4:52  Overlord  
  69  4:55  Spore Crawler, Drone  
  69  4:57  Spore Crawler  
  69  4:58  Queen  
  69  5:01  Zerg Ground Armor Level 1  
  69  5:04  Drone x2  
  69  5:06  Extractor x2  
  69  5:08  Drone x3  
  69  5:11  Drone x2, Extractor  
  73  5:15  Glial Reconstitution  
  73  5:20  Overlord  
  73  5:24  Overseer  
  73  5:26  Overlord  
  73  5:27  Overlord x2  
  73  5:34  Extractor  
  72  5:36  Drone x3  
  72  5:39  Roach x4  
  83  5:46  Roach x4  
  91  5:54  Roach x4  
  99  6:01  Hatchery  
  99  6:02  Roach x3  
  103  6:08  Roach x3  
  103  6:09  Roach  
  111  6:11  Overlord  
  111  6:12  Drone  
  111  6:13  Drone  
  113  6:21  Overlord  
  113  6:22  Overlord x2  
  113  6:26  Overseer  
  113  6:35  Roach x4  
  113  6:39  Overlord  
  121  6:41  Roach x5  
  121  6:45  Ravager  
  121  6:46  Ravager x4  
  136  6:52  Roach x4  
  136  6:53  Overlord  
  144  6:55  Overlord  
  144  7:00  Roach  
  144  7:01  Roach x2  
  150  7:05  Roach  
  150  7:07  Ravager  
  153  7:13  Roach x6  
  163  7:30  Roach  
  163  7:31  Roach x5  
  169  7:37  Roach  
  169  7:38  Roach  
  169  7:42  Roach x2  
Show
View Real Time Build Order
Export as new Build Order

foxer Terran 

Build Orders: Reaper Expand, Hellion Banshee 

Get SALT Encoding   

  12  0:00  SCV  
  13  0:12  SCV  
  14  0:20  Supply Depot  
  14  0:24  SCV  
  15  0:42  SCV  
  16  0:44  Barracks  
  16  0:45  Refinery  
  16  0:54  SCV  
  17  1:06  SCV  
  18  1:18  SCV  
  19  1:31  Orbital Command, Reaper  
  20  1:44  Command Center  
  20  1:57  SCV  
  21  2:04  Marine  
  22  2:09  SCV  
  22  2:14  Factory  
  23  2:30  Supply Depot  
  23  2:34  Barracks Reactor  
  23  2:46  Command Center  
  23  2:52  SCV  
  23  2:57  Orbital Command  
  24  3:04  SCV  
  25  3:06  Refinery  
  25  3:16  SCV  
  25  3:17  Starport  
  26  3:20  Hellion x2  
  26  3:24  SCV  
  31  3:28  SCV, Barracks Tech Lab  
  32  3:36  SCV  
  32  3:40  SCV  
  34  3:42  Hellion x2  
  38  3:51  SCV  
  39  3:57  SCV  
  39  3:58  Supply Depot  
  40  4:02  Banshee  
  40  4:03  Hellion x2  
  40  4:05  SCV  
  48  4:13  SCV  
  48  4:14  Orbital Command  
  48  4:24  Cyclone  
  48  4:25  Cyclone  
  48  4:27  SCV  
  48  4:29  SCV  
  56  4:38  Engineering Bay  
  56  4:41  Engineering Bay, SCV  
  56  4:42  SCV  
  56  4:45  SCV  
  59  4:53  Stimpack, Marine, SCV  
  59  4:55  SCV  
  59  4:57  Supply Depot  
  59  4:58  Starport Reactor  
  62  5:01  Orbital Command  
  62  5:10  SCV  
  62  5:11  SCV  
  62  5:12  Marine  
  62  5:13  Refinery  
  62  5:14  Refinery  
  65  5:15  Factory Reactor  
  65  5:20  Barracks  
  65  5:22  Barracks, SCV  
  65  5:25  Terran Infantry Armor Level 1  
  65  5:26  SCV x2  
  68  5:29  Supply Depot  
  68  5:34  SCV  
  69  5:38  Terran Infantry Weapons Level 1, SCV x2  
  71  5:43  Marine  
  71  5:46  SCV  
  73  5:50  SCV  
  73  5:51  Starport Reactor  
  73  5:52  Barracks x2, SCV  
  75  5:59  SCV  
  75  6:00  Supply Depot  
  75  6:01  Supply Depot  
  75  6:02  SCV  
  75  6:03  Marine  
  78  6:06  SCV  
  78  6:10  Barracks Reactor  
  78  6:11  Factory Reactor  
  79  6:16  Armory, SCV x2  
  79  6:18  SCV  
  82  6:19  Liberator x2  
  82  6:20  Marine  
  83  6:28  SCV x2  
  83  6:29  Barracks  
  83  6:30  Barracks  
  83  6:31  Marine x4  
  89  6:33  Factory Tech Lab  
  89  6:38  Marine  
  94  6:40  Supply Depot  
  94  6:41  SCV  
  94  6:43  SCV x2  
  97  6:51  Barracks  
  97  6:53  SCV, Barracks Tech Lab  
  97  6:54  Barracks Tech Lab  
  95  6:55  SCV  
  95  6:57  Marauder  
  95  6:59  SCV  
  99  7:01  Refinery  
  99  7:02  Marine  
  99  7:03  Refinery  
  99  7:05  SCV  
  99  7:07  SCV  
  102  7:10  Marine x2  
  102  7:13  SCV  
  105  7:17  SCV, Barracks Tech Lab  
  105  7:18  Marauder  
  105  7:19  Medivac, SCV  
  105  7:20  Barracks Tech Lab  
  102  7:25  SCV  
  81  7:40  Command Center  
  62  7:45  Command Center  
  52  7:53  Command Center  
Tags
 
Add a new tag
Caveats
  • Supply blocks, unpowered buildings, or Contaminate may cause inaccurate times.
  • Supply counts are checked every 10 seconds.